 Dungeon Crawl Stone Soup version 0.20-a0-760-g49f5558 (webtiles) character file.

53 polly the Slasher (level 3, -5/27 HPs)
             Began as a Demonspawn Gladiator on Feb 25, 2017.
             Slain by a worm (7 damage)
             ... on level 2 of the Dungeon.
             The game lasted 00:00:37 (684 turns).

polly the Slasher (Demonspawn Gladiator)             Turns: 684, Time: 00:00:37

Health: -5/27      AC:  4    Str: 15    XL:     3   Next: 64%
Magic:  3/3        EV: 12    Int:  9    God:
Gold:   60         SH:  0    Dex: 12    Spells: 2/2 levels left

rFire    . . .     SeeInvis .   a - +0 long sword
rCold    . . .     Gourm    .   b - +0 leather armour
rNeg     . . .     Faith    .   (no shield)
rPois    .         Spirit   .   c - +0 helmet
rElec    .         Reflect  .   (no cloak)
rCorr    .         Harm     .   (no gloves)
MR       .....                  (no boots)
Stlth    +.........             (no amulet)
Regen    0.1/turn               (no ring)
MPRegen  0.1/turn               (no ring)

@: lethally poisoned (-5 -> -6)
A: hooves 1, clumsy 1, spiny 1, wild magic 1
a: no special abilities


You were on level 2 of the Dungeon.
You were not hungry.

You visited 1 branch of the dungeon, and saw 2 of its levels.

You collected 60 gold pieces.

Inventory:

Hand Weapons
 a - a +0 long sword (weapon)
Missiles
 d - 2 throwing nets (quivered)
Armour
 b - a +0 leather armour (worn)
 c - a +0 helmet (worn)
Scrolls
 e - a scroll of random uselessness {unknown}
 h - a scroll of blinking {unknown}
 i - a scroll of amnesia {unknown}
 j - a scroll of magic mapping {unknown}
 k - a scroll of identify {unknown}
 m - a scroll of fear {unknown}
 p - a scroll of teleportation {unknown}
 q - a scroll of remove curse {unknown}
Potions
 n - a potion of berserk rage {unknown}
 o - 2 potions of mutation
 r - a potion of flight {unknown}
 s - a potion of magic
Comestibles
 f - 3 bread rations
 g - a meat ration
 l - 2 royal jellies


   Skills:
 + Level 2.2 Fighting
 + Level 3.5 Long Blades
 + Level 1.9 Throwing
 + Level 0.6 Armour
 + Level 3.1 Dodging


You had 2 spell levels left.
You didn't know any spells.

Dungeon Overview and Level Annotations

Branches:
Dungeon (2/15)

Altars:


Innate Abilities, Weirdness & Mutations

You are partially covered in sharp spines.
You have large cloven feet.
You are clumsy. (Dex -2)
Your spells are a little harder to cast, but a little more powerful.


Message History

a giant cockroach corpse; an adder corpse You hit the worm.
The worm is lightly wounded.
The worm bites you!
You are too injured to fight recklessly!
A worm is nearby!
A worm is nearby!
Throwing (i - inventory):
d - 3 throwing nets (quivered)
Press: ? - help, Shift-Dir - straight line, f - worm
Aim: a worm (lightly wounded)
You throw a throwing net.
The throwing net barely misses the worm.
You feel sick. The worm bites you.
* * * LOW HITPOINT WARNING * * *
It was a potion of magic.
Magic courses through your body.
It was a potion of mutation.
You feel extremely strange.
You feel clumsy.
Your feet thicken and deform.
You feel less in control of your magic. The worm is struck by your spines.
The worm bites you!
You die...

##...#.##)†# ##
##.....##...#
#..##...(...#
#.##.#...####
#.#.##..## .
#.###..## ...
#.....##
.....######.###
(.....w@....#
.....####w###
... ..... .
###.##.# .w. #
.#. #. .. .. ..


You could see a worm and a dart slug.

Vanquished Creatures
  4 adders (D:2)
  A dart slug (D:1)
  A leopard gecko (D:1)
  A giant cockroach (D:2)
  2 hobgoblins
  2 bats (D:1)
  2 frilled lizards (D:1)
  2 goblins (D:1)
  A kobold (D:1)
  2 rats (D:1)
18 creatures vanquished.

Notes
Turn   | Place    | Note
-------+----------+-------------------------------------------
     0 | D:1      | polly the Demonspawn Gladiator began the quest for the Orb.
     0 | D:1      | Reached XP level 1. HP: 16/16 MP: 1/1
     1 | D:1      | Noticed an electric eel
   198 | D:1      | Gained mutation: You are partially covered in sharp spines. [demonic ancestry]
   198 | D:1      | Reached XP level 2. HP: 15/22 MP: 2/2
   520 | D:2      | Reached XP level 3. HP: 20/27 MP: 3/3
   684 | D:2      | Gained mutation: You are clumsy. (Dex -2) [potion of mutation]
   684 | D:2      | Gained mutation: You have large cloven feet. [potion of mutation]
   684 | D:2      | Gained mutation: Your spells are a little harder to cast, but a little more powerful. [potion of mutation]
   684 | D:2      | Slain by a worm

Vault maps used:
D:1:      arrival_aquarium_a
D:2:      minmay_bisected

Skill      XL: |  1  2 |
---------------+-------+-----
Long Blades    | 3 |  3.5
Dodging        | 3 |  3.1
Fighting       | |  2.2
Throwing       | |  1.9
Armour         | |  0.6

Action                   || total
-------------------------++-------
Melee: Long sword        ||    32
Throw: Throwing net      ||     1
  Use: Potion            ||     2
Armor: Leather armour    ||     8
Dodge: Dodged            ||    23
       Rpst.: Long sword ||     7
